 Dungeon Crawl Stone Soup version 0.27-a0-457-gba82baf56e (webtiles) character file.

Game seed: 15783208382478394530

87101 Blasphemous the Warrior (level 15, -26/78 HPs)
             Began as a Felid Enchanter on Feb 28, 2021.
             Was the Champion of Ashenzari.
             Killed from afar by an eleionoma (38 damage)
             ... with a spray of wooden splinters
             ... on level 2 of the Swamp.
             The game lasted 05:42:26 (87649 turns).

Blasphemous the Warrior (Felid Enchanter)          Turns: 87649, Time: 05:42:27

Health: -26/78     AC:  3    Str:  4    XL:     15   Next: 42%
Magic:  33/33      EV: 31    Int: 28    God:    Ashenzari [******]
Gold:   3163       SH:  5    Dex: 16    Spells: 21/41 levels left
                                        Lives:  0   Deaths: 2

rFire    . . .     SeeInvis +     - Unarmed
rCold    + . .     Faith    .   (shield unavailable)
rNeg     + . .     Spirit   .   (armour unavailable)
rPois    +         Reflect  +   (helmet unavailable)
rElec    +         Harm     .   (cloak unavailable)
rCorr    .         Rampage  .   (gloves unavailable)
Will     +++..     Clarity  +   (boots unavailable)
Stlth    +++++++...             V - amulet "Shackled With Me" {Reflect *Contam +Fly rElec rN+ SH+5, Comp, Elem} (curse)
HPRegen  0.23/turn              J - ring of the Shattered God {rPois Will+ Int+4 Slay+2, Bglg, Self} (curse)
MPRegen  0.23/turn              c - ring "Lashed Together" {Wiz, Self, Bglg} (curse)

@: quick
A: very small, no armour, no weapons or thrown items, stealth, claws 1, fangs 3,
see invisible, speed 1, shaggy fur 3, sharp paws
a: Renounce Religion, Evoke Flight, Shatter the Chains


You were on level 2 of the Swamp.
You worshipped Ashenzari.
Ashenzari was exalted by your worship.
You visited 8 branches of the dungeon, and saw 33 of its levels.
You also visited: Ice Cave.

You collected 4894 gold pieces.
You spent 1731 gold pieces at shops.

Inventory:

Jewellery
 b - a ring of protection from cold
 c - the cursed ring "Lashed Together" (right paw) {Wiz, Self, Bglg}
   (You found it on level 7 of the Dungeon)

   [ring of wizardry]

   It improves your spell success rate.
   It has a curse placed upon it.
 g - a ring of poison resistance
 k - a ring of resist corrosion
 m - a ring of flight
 q - an amulet of magic regeneration
 C - a ring of magical power
 D - a +6 ring of intelligence
 I - a +6 ring of intelligence
 J - the cursed ring of the Shattered God (left paw) {rPois Will+ Int+4 Slay+2, Bglg, Self}
   (You bought it in a shop on level 5 of the Dungeon)

   [ring of poison resistance]

   It affects your intelligence (+4).
   It affects your accuracy and damage with ranged weapons and melee attacks
   (+2).
   It protects you from poison.
   It affects your willpower, your defense against some magical effects.
   It has a curse placed upon it.
 S - a ring of positive energy
 V - the cursed amulet "Shackled With Me" (around neck) {Reflect *Contam +Fly rElec rN+ SH+5, Comp, Elem}
   (You bought it in a shop on level 5 of the Dungeon)

   [amulet of reflection]

   It shields you and reflects attacks.
   It insulates you from electricity.
   It protects you from negative energy.
   It lets you fly.
   It causes magical contamination when unequipped.
   It affects your SH (+5).
   It has a curse placed upon it.
 W - a ring of protection from cold
 Z - the ring "Ozeutil" {rC+ Will+ Str+6 Slay+3}
   (You found it in an ice cave)

   [ring of strength]

   It affects your strength (+6).
   It affects your accuracy and damage with ranged weapons and melee attacks
   (+3).
   It protects you from cold.
   It affects your willpower, your defense against some magical effects.
Wands
 j - a wand of random effects (63)
 s - a wand of iceblast (5)
 y - a wand of polymorph (10)
 z - a wand of charming (6)
 A - a wand of flame (22)
 F - a wand of mindburst (48)
 N - a wand of acid (29)
 P - a wand of paralysis (6)
 Q - a wand of digging (3)
Scrolls
 a - 5 scrolls of magic mapping
 d - a scroll of blinking
 f - 7 scrolls of teleportation
 h - 5 scrolls of fear
 i - 3 scrolls of fog
 n - 4 scrolls of amnesia
 t - 2 scrolls of immolation
 w - 2 scrolls of noise
 X - a scroll of holy word
Potions
 e - 3 potions of mutation
 l - a potion of cancellation
 o - 2 potions of brilliance
 p - 2 potions of might
 u - 2 potions of berserk rage
 v - 3 potions of resistance
 x - 5 potions of lignification
 B - 4 potions of ambrosia
 E - 2 potions of flight
 G - 2 potions of attraction
 K - 3 potions of curing {@q1}
 L - 3 potions of invisibility
 M - 2 potions of haste
 T - 3 potions of heal wounds {@q2}
 U - 2 potions of magic
Miscellaneous
 r - a phial of floods
 H - a condenser vane


   Skills:
 + Level 16.1(24.4) Fighting
 + Level 15.7 Dodging
 - Level 16.0 Stealth
 - Level 11.4 Unarmed Combat
 - Level 13.8(22.3) Spellcasting
 - Level 10.1(18.8) Hexes
 - Level 5.5(11.4) Ice Magic


You had 21 spell levels left.
You knew the following spells:

 Your Spells              Type           Power        Failure   Level
a - Corona                Hex            100%         0%          1
b - Ensorcelled Hibernat  Hex/Ice        100%         0%          2
c - Confusing Touch       Hex            95%          0%          3
d - Tukima's Dance        Hex            95%          0%          3
e - Summon Ice Beast      Ice/Summ       60%          1%          4
f - Mephitic Cloud        Conj/Pois/Air  35%          1%          3
g - Hailstorm             Conj/Ice       61%          1%          4

Your spell library contained the following spells:

 Spells                   Type           Power        Failure   Level
 Freeze                   Ice            100%         0%          1
 Poisonous Vapours        Pois/Air       68%          1%          2
 Conjure Flame            Conj/Fire      38%          1%          3
 Dazzling Flash           Conj/Hex       100%         1%          3
 Frozen Ramparts          Ice            100%         1%          3
 Ozocubu's Armour         Ice            76%          1%          3
 Freezing Cloud           Conj/Ice/Air   27%          11%         6


Dungeon Overview and Level Annotations

Branches:
Dungeon (15/15) Temple (1/1) D:7 Lair (6/6) D:11 Swamp (2/4) Lair:2 Snake (4/4) Lair:3 Slime (0/5) Lair:6 Orc (2/2) D:10 Elf (2/3) Orc:2 Vaults (0/5) D:13 D:14 Depths (1/5) D:15 IceCv (visited)

Altars:
Ashenzari
Cheibriados
Dithmenos
Elyvilon
Fedhas
Gozag
Hepliaklqana
Kikubaaqudgha
Makhleb
Nemelex Xobeh
Okawaru
Qazlal
Ru
Sif Muna
Trog
Uskayaw
Vehumet
Wu Jian
Xom
Yredelemnul
Zin
The Shining One
Beogh

Shops:
D:5 =   D:8 [   Orc:2 !((   Snake:1 (

Annotations:
D:4 Natasha, Sigmund
D:10 exclusion: downstairs
D:11 3 runed translucent doors, Ghazghkull's ghost, journeyman MiBe
D:13 3 runed translucent doors, Jorgrun
Lair:2 2 runed translucent doors, Ysoc's ghost, journeyman DsGl
Lair:3 exclusion: 2 oklob plants
Swamp:2 Frances
Snake:2 1 runed translucent door, Aizul; Nicuss's ghost, adept DEAM
Snake:3 Nikola


Innate Abilities, Weirdness & Mutations

You cannot wear armour.
You are incapable of wielding weapons or throwing items.
Your paws allow you to move quietly. (Stealth)
You have sharp claws.
You have razor-sharp teeth.
You have supernaturally acute eyesight. (SInv)
You cover ground quickly.
Your thick and shaggy fur keeps you warm. (AC +3, rC+)
Your sharp claws are effective at attacking unaware monsters.


Message History

Your ice beast hits the bunyip but does no damage.
Your ice beast closely misses the bunyip.
A six-headed hydra comes into view.
Your ice beast hits the bunyip but does no damage. x2
The bunyip claws your ice beast. The bunyip claws your ice beast!!
Your ice beast dies!
The bunyip gives a hideous shriek!
Your ice beast hits the bunyip.
Your ice beast freezes the bunyip!
Casting: Summon Ice Beast (safe; 1% risk of failure)
Confirm with . or Enter, or press ? or * to list all spells.
A chill wind blows around you.
Your ice beast completely misses the bunyip.
The six-headed hydra bites your ice beast!
The six-headed hydra bites your ice beast.
The six-headed hydra completely misses your ice beast.
The six-headed hydra misses your ice beast.
The six-headed hydra bites your ice beast.
The six-headed hydra bites your ice beast!
Casting: Summon Ice Beast (safe; 1% risk of failure)
Confirm with . or Enter, or press ? or * to list all spells.
A chill wind blows around you.
Your ice beast hits the six-headed hydra.
Your ice beast freezes the six-headed hydra!!
The six-headed hydra seems to slow down.
Your ice beast hits the six-headed hydra.
Your ice beast freezes the six-headed hydra!
The six-headed hydra seems to slow down.
Your ice beast disappears in a puff of smoke!
The bunyip howls a warning cry!
You hear a shout!
You hear a hideous shriek!
You hear a shout!
You climb upwards.
Your summoned allies are left behind.
There is a stone staircase leading down here.
You start resting.
Magic restored.
You start resting.
HP restored.
You climb downwards.
Level annotation: Frances The bunyip claws you!! x2
* * * LOW HITPOINT WARNING * * *
You block the bunyip's attack.
There is a stone staircase leading up, spattered with blood here.
Blink to where?
Press: ? - help, Dir - move target
As you read the scroll of blinking, it crumbles to dust.
A spriggan rider, a bunyip and an eleionoma come into view.
The spriggan rider is wielding the +8 broad axe of Kituteemm {drain, Fragile rPois rC+ Dex+3} and quivering curare-tipped darts.
The eleionoma hurls a spray of splinters at you.
The spray of wooden splinters hits you!!!
You die...

*≈ ,, , , ≈≈ *
* *, ..., ,, ,≈
≈* * ,* .., ,
,≈≈ ≈ ** >♣,,
≈≈ , x♣♣♣(♣i♣♣
* ≈≈ ≈
*♣♣♣}♣.>♣♣{ ≈≈
, ,* ♣♣♣♣R..♣♣
, * * * ,
♣♣♣♣≈≈≈≈♣* ≈≈
≈≈≈≈ ≈
♣♣♣♣.@≈♣.♣♣*≈≈
≈* ≈
♣♣♣♣♣..≈.≈♣♣*≈
*,,*,≈
♣♣♣♣♣≈)≈≈.♣♣ ,
* ≈
♣♣♣♣♣≈..≈♣♣♣ ≈
, ≈,
♣♣♣♣♣).≈..♣♣♣
,,,* ≈
♣♣♣♣♣♣[≈≈♣.♣♣♣
* , **
♣♣♣♣♣≈D≈.♣..♣♣
≈** ,
♣♣♣♣♣≈≈§x.♣♣≈♣♣
≈* *
♣♣♣♣♣≈≈♣♣.♣≈≈≈♣
* ** *


You could see 2 bunyips, an eleionoma, a six-headed hydra and a spriggan rider
(wandering).

Vanquished Creatures
  A ghoul (Swamp:1)
  An eleionoma (Swamp:1)
  A yaktaur captain (D:15)
  2 hydras
  A boulder beetle (D:14)
  2 ice dragons (IceCv)
  4 naga warriors
  6 centaur warriors
  An alligator (Swamp:1)
  10 anacondas
  4 two-headed ogres
  4 shock serpents
  10 naga sharpshooters
  2 slime creatures (D:15)
  A salamander mystic (Snake:1)
  A shadow wraith (D:14)
  A deep troll (D:15)
  2 sea snakes
  2 deep elf archers (Elf:1)
  3 naga ritualists
  A glowing orange brain (D:11)
  3 swamp dragons
  4 orc knights
  6 deep elf zephyrmancers
  A wizard (D:14)
  16 ugly things
  4 mana vipers
  3 orc sorcerers
  8 deep elf pyromancers
  2 elephants (Lair:6)
  2 manticores
  6 cyclopes
  5 salamanders
  A moth of wrath (Lair:4)
  2 centaur zombies
  23 black mambas
  5 naga magi
  9 guardian serpents
  2 centaur skeletons
  A torpor snail (shapeshifter) (D:14)
  5 rime drakes
  17 cane toads
  A gargoyle (D:12)
  4 orange demons (D:10)
  15 komodo dragons
  2 kobold demonologists (D:11)
  A tengu conjurer (D:13)
  2 red devils (D:10)
  3 trolls
  3 meliai (D:14)
  6 polar bears (Lair:6)
  3 hornets
  A tyrant leech (Lair:4)
  A harpy skeleton (D:15)
  6 dream sheep
  17 blink frogs
  4 wraiths
  A spriggan (D:14)
  3 nameless horrors
  An air elemental (Elf:1)
  A fire elemental (Elf:2)
  3 wyverns
  3 shadows
  3 hogs (D:12)
  60 yaks
  17 humans
  Grum (D:8)
  5 basilisks
  A steam dragon (D:11)
  The ghost of dricus the Gusty, an amateur DgAE (D:5)
  A soldier ant (D:15)
  18 nagas
  5 swamp worms
  3 wargs (Orc:2)
  An acid dragon (D:14)
  Duvessa (D:5)
  17 water moccasins
  2 swamp drakes
  4 ogres
  20 orc warriors
  23 ice beasts
  2 necrophages
  4 black bears
  An eye of draining (D:11)
  4 sky beasts
  8 wolves
  A phantom (D:6)
  17 centaurs
  3 kobold brigands
  19 bullfrogs
  Dowan (D:5)
  4 scorpions
  A water moccasin skeleton (D:7)
  18 killer bees
  13 wights
  A vampire bat (D:6)
  4 howler monkeys
  2 bullfrog zombies
  2 quasits
  3 bullfrog skeletons (D:13)
  18 orc priests
  3 hounds
  2 jellies
  A gnoll shaman (Orc:1)
  5 iguanas
  37 orc wizards
  8 worker ants
  A killer bee zombie (D:9)
  A hound skeleton (D:6)
  A hound zombie (D:8)
  A worker ant zombie (D:5)
  A howler monkey skeleton (D:5)
  9 adders
  9 gnolls
  A shadow imp (D:10)
  2 white imps (D:7)
  An ufetubus (D:5)
  2 adder skeletons
  3 worms
  3 dart slugs
  6 leopard geckos
  84 orcs
  5 bats
  A bat skeleton (D:6)
  4 bat zombies (D:6)
  5 giant cockroaches
  8 goblins
  7 hobgoblins
  7 jackals
  25 kobolds
  2 frilled lizards
  A jackal zombie (D:6)
  A quokka skeleton (D:4)
  10 rats
832 creatures vanquished.

Vanquished Creatures (collateral kills)
  Rupert (D:13)
  A nagaraja (Snake:4)
  An orc warlord (D:10)
  2 bunyips (Swamp:1)
  Josephine (D:11)
  Erolcha (D:13)
  10 naga warriors
  10 hydras
  5 anacondas
  A merfolk avatar (Lair:6)
  2 two-headed ogres
  A naga sharpshooter (Snake:1)
  An orc high priest (Orc:1)
  Urug (Lair:3)
  2 shock serpents
  A deep elf knight (Elf:1)
  4 swamp dragons
  2 goliath frogs (Swamp:1)
  3 bog bodies (Swamp:1)
  A naga ritualist (Snake:4)
  2 harpies (Lair:6)
  2 mana vipers (Snake:1)
  A manticore (Lair:6)
  A faun (shapeshifter) (D:14)
  6 orc sorcerers
  6 salamanders
  4 black mambas
  3 guardian serpents
  8 naga magi
  2 cane toads
  A torpor snail (Lair:6)
  4 komodo dragons
  Psyche (D:8)
  A kobold demonologist (D:11)
  An efreet (D:15)
  A troll (Orc:1)
  6 tyrant leeches
  A polar bear (Lair:6)
  4 hornets (Swamp:2)
  9 blink frogs
  6 dream sheep
  4 spriggans (Swamp:2)
  11 yaks
  2 vampire mosquitoes (Swamp:1)
  A basilisk (Lair:4)
  24 nagas
  4 wargs
  6 swamp worms
  4 swamp drakes (Swamp:1)
  21 orc warriors
  2 black bears
  10 wolves
  5 ogres
  3 centaurs (D:13)
  2 bullfrogs (Lair:5)
  A gnoll sergeant (D:8)
  An electric eel (Lair:6)
  12 orc priests
  17 orc wizards
  4 nameless horrors
  4 gnolls
  30 orcs
289 creatures vanquished.

Vanquished Creatures (others)
  11 dancing weapons
  A naga (Snake:4)
  A killer bee (D:12)
  A bullfrog zombie (D:7)
  A bullfrog skeleton (D:3)
  2 orc wizards
  2 orcs
  A frilled lizard (D:3)
  2 bushes (Lair:6)
  11 foxfires
  63 fungi
  198 plants
294 creatures vanquished.

Grand Total: 1415 creatures vanquished

Notes
Turn   | Place    | Note
-------+----------+-------------------------------------------
     0 | D:1      | Blasphemous the Felid Enchanter began the quest for the
                  | Orb.
     0 | D:1      | Reached XP level 1. HP: 7/7 MP: 4/4
  1181 | D:1      | Reached XP level 2. HP: 12/12 MP: 4/6
  1350 | D:1      | Learned a level 2 spell: Ensorcelled Hibernation
  2700 | D:1      | Reached XP level 3. HP: 15/15 MP: 4/7
  2704 | D:1      | Learned a level 3 spell: Confusing Touch
  2914 | D:2      | Found a stormy altar of Qazlal.
  2915 | D:2      | Noticed an earth elemental
  2919 | D:2      | Noticed a water elemental
  2923 | D:2      | Noticed a fire elemental
  2923 | D:2      | Noticed an air elemental
  3566 | D:2      | Reached skill level 1 in Fighting
  3690 | D:2      | Found a burning altar of Makhleb.
  4326 | D:3      | Reached XP level 4. HP: 19/19 MP: 4/8
  4446 | D:3      | Found a snail-covered altar of Cheibriados.
  4980 | D:3      | Found a radiant altar of Vehumet.
  5245 | D:4      | Reached skill level 5 in Stealth
  5245 | D:4      | Reached skill level 5 in Hexes
  5538 | D:4      | Reached XP level 5. HP: 12/22 MP: 2/9
  5553 | D:4      | Noticed Sigmund
  5673 | D:3      | Learned a level 3 spell: Tukima's Dance
  5998 | D:4      | Noticed an ogre
  6037 | D:4      | Killed an ogre
  6038 | D:4      | Gained mutation: You are covered in thick fur. (AC +2)
                  | [Felid growth]
  6038 | D:4      | Reached XP level 6. HP: 26/26 MP: 4/11
  6400 | D:4      | Noticed Natasha
  6906 | D:5      | Entered Level 5 of the Dungeon
  7259 | D:5      | Found a runed translucent gate.
  7259 | D:5      | Found a runed translucent gate.
  7261 | D:5      | Found a runed translucent gate.
  7262 | D:5      | Noticed dricus's ghost (amateur DgAE)
  7281 | D:5      | Identified the +2 hunting sling of the Boiling Point
                  | {vorpal, rN+ Int+3}
  7281 | D:5      | Identified the +9 trident "Eviscerator" {freeze, +Blink
                  | rN+}
  7281 | D:5      | Noticed an orc warrior
  7282 | D:5      | Found a roughly hewn altar of Beogh.
  7321 | D:5      | Found Kucit's Jewellery Shop.
  7665 | D:5      | Noticed Dowan
  7788 | D:5      | Found a blossoming altar of Fedhas.
  8275 | D:6      | Found a glowing silver altar of Zin.
  8282 | D:6      | Found an ornate altar of the Wu Jian Council.
  8813 | D:6      | Found an ancient bone altar of Kikubaaqudgha.
  9143 | D:6      | Reached XP level 7. HP: 30/30 MP: 5/12
  9263 | D:6      | Reached skill level 5 in Dodging
 10880 | D:6      | Reached XP level 8. HP: 16/35 MP: 11/14
 14774 | D:7      | Found a staircase to the Ecumenical Temple.
 14780 | Temple   | Entered the Ecumenical Temple
 14790 | Temple   | Became a worshipper of Ashenzari the Shackled
 15395 | D:7      | Reached XP level 9. HP: 29/39 MP: 12/17
 15846 | D:7      | Found a sacrificial altar of Ru.
 16192 | D:8      | Noticed Psyche
 16321 | D:8      | Reached * piety under Ashenzari
 16321 | D:8      | Identified the cursed ring "Lashed Together" {Wiz, Self,
                  | Bglg} (You found it on level 7 of the Dungeon)
 16321 | D:8      | Reached ** piety under Ashenzari
 16460 | D:8      | Reached skill level 5 in Unarmed Combat
 16526 | D:8      | Found Xeqixol's Antique Armour Emporium.
 16577 | D:8      | Found a broken altar of Ashenzari.
 16585 | D:8      | Noticed Grum
 16627 | D:8      | Reached skill level 5 in Fighting
 16650 | D:8      | Reached skill level 5 in Spellcasting
 16773 | D:8      | Killed Grum
 17259 | D:8      | Found a sparkling altar of Nemelex Xobeh.
 17396 | D:8      | Killed Psyche
 17892 | D:9      | Noticed a two-headed ogre
 17953 | D:8      | Reached XP level 10. HP: 33/45 MP: 12/19
 19353 | D:9      | Killed a two-headed ogre
 19445 | D:9      | Found a hazy altar of Hepliaklqana.
 19564 | D:9      | Reached skill level 10 in Hexes
 19769 | D:10     | Entered Level 10 of the Dungeon
 19893 | D:10     | Reached skill level 10 in Stealth
 20115 | D:10     | Reached *** piety under Ashenzari
 20115 | D:10     | Identified the cursed amulet "Lashed Urgency" {Reflect
                  | SH+5, Elem, Bglg} (You found it on level 9 of the Dungeon)
 20115 | D:10     | Reached **** piety under Ashenzari
 20207 | D:10     | Identified the +7 war axe of the Realm of Zot {drain,
                  | +Blink rElec rF+ Dex-3}
 20347 | D:10     | Found a staircase to the Orcish Mines.
 20420 | D:10     | Identified a scroll of acquirement
 20663 | D:10     | Noticed an orange demon
 20663 | D:10     | Noticed an orange demon
 20668 | D:10     | Noticed an orange demon
 20668 | D:10     | Noticed an orange demon
 20769 | D:10     | Found a roughly hewn altar of Beogh.
 21836 | D:10     | Killed an orange demon
 22197 | D:10     | Killed an orange demon
 22340 | D:10     | Noticed an orange demon
 22348 | D:10     | Noticed an orange demon
 23315 | D:10     | Reached XP level 11. HP: 48/50 MP: 16/22
 23724 | D:11     | Noticed Josephine
 24571 | D:11     | Noticed a cyan ugly thing
 24574 | D:11     | Noticed a white ugly thing
 24607 | D:11     | Noticed a four-headed hydra
 24647 | D:11     | Killed a four-headed hydra
 24648 | D:11     | Reached skill level 10 in Dodging
 25305 | D:11     | Found a staircase to the Lair.
 26006 | D:5      | Bought the ring "Soakhlyi" {rPois Will+ Int+4 Slay+2} for
                  | 543 gold pieces
 26247 | D:5      | Noticed Duvessa
 26446 | D:11     | Found a runed translucent gate.
 26447 | D:11     | Found a runed translucent gate.
 26447 | D:11     | Noticed a glowing orange brain
 26448 | D:11     | Found a runed translucent gate.
 26449 | D:11     | Noticed a brown ugly thing
 26450 | D:11     | Noticed a purple ugly thing
 26451 | D:11     | Noticed a cyan ugly thing
 26499 | D:11     | Noticed a cyan ugly thing
 26596 | Lair:1   | Entered Level 1 of the Lair of Beasts
 27052 | Lair:1   | Noticed a seven-headed hydra
 27355 | Lair:1   | Gained mutation: Your thick and shaggy fur keeps you warm.
                  | (AC +3, rC+) [Felid growth]
 27355 | Lair:1   | Reached XP level 12. HP: 56/56 MP: 21/25
 27360 | Lair:1   | Learned a level 4 spell: Summon Ice Beast
 28044 | Lair:2   | Identified the +0 troll leather armour "Befa" {-Cast Regen+
                  | Str+2 Dex+6}
 28752 | Lair:2   | Noticed an eight-headed hydra
 29072 | Lair:2   | Killed an eight-headed hydra
 29184 | Lair:2   | Found a large runed translucent door.
 29184 | Lair:2   | Found a large runed translucent door.
 29233 | Lair:2   | Noticed a catoblepas
 29642 | Lair:2   | Noticed a seven-headed hydra
 29643 | Lair:2   | Noticed a seven-headed hydra
 29915 | Lair:2   | Killed a seven-headed hydra
 30179 | Lair:2   | Killed a seven-headed hydra
 30658 | Lair:2   | Noticed Ysoc's ghost (journeyman DsGl)
 30777 | Lair:2   | Found a staircase to the Swamp.
 30901 | Lair:3   | Reached ***** piety under Ashenzari
 30901 | Lair:3   | Reached ****** piety under Ashenzari
 31356 | Lair:3   | Found a staircase to the Snake Pit.
 31588 | Lair:3   | Noticed a four-headed hydra
 31628 | Lair:3   | Killed a four-headed hydra
 31856 | Lair:3   | Identified the +8 dagger of Rotation {vorpal, rElec rPois
                  | rC+ Dex+2}
 31865 | Lair:3   | Identified the +1 helmet of Patterns {rN+ Int+4 SInv}
 32140 | Lair:3   | Noticed Urug
 32152 | Lair:3   | Killed Urug
 32891 | Lair:4   | Noticed a boulder beetle
 33184 | Lair:4   | Identified the +8 scimitar of Dorchotzuw {vorpal, Str+4}
 34435 | Lair:5   | Reached XP level 13. HP: 61/61 MP: 23/27
 34817 | Lair:5   | Identified the +9 plate armour of a treasure trove {+Blink
                  | rC++ Dex-4 Slay+5}
 35747 | Lair:6   | Entered Level 6 of the Lair of Beasts
 36207 | Lair:5   | Reached skill level 10 in Unarmed Combat
 36512 | Lair:6   | Reached skill level 10 in Fighting
 37964 | Lair:6   | Noticed a dire elephant
 39834 | Lair:5   | Reached skill level 10 in Spellcasting
 40230 | Lair:6   | Found a staircase to the Slime Pits.
 41861 | Lair:4   | Reached XP level 14. HP: 66/66 MP: 7/29
 42368 | Orc:1    | Entered Level 1 of the Orcish Mines
 42376 | Orc:1    | Reached skill level 15 in Stealth
 43205 | Orc:1    | Noticed an orc warlord
 43287 | D:10     | Killed an orc warlord
 44020 | Orc:1    | Found a roughly hewn altar of Beogh.
 45266 | Orc:2    | Entered Level 2 of the Orcish Mines
 45826 | Orc:2    | Found a staircase to the Elven Halls.
 45826 | Orc:2    | Found a roughly hewn altar of Beogh.
 46291 | Orc:2    | Found Wydiwemp's Distillery.
 46292 | Orc:2    | Found Nucifopnae's Weapon Shoppe.
 47289 | Orc:2    | Found a roughly hewn altar of Beogh.
 47349 | Orc:2    | Found Wosurire's Antique Weapon Shop.
 47623 | Orc:2    | Found Buhoc's Weapon Shoppe.
 48050 | Orc:2    | Bought 2 potions of heal wounds for 170 gold pieces
 48050 | Orc:2    | Bought a potion of heal wounds for 85 gold pieces
 48050 | Orc:2    | Bought a potion of magic for 136 gold pieces
 48210 | D:5      | Bought the amulet "Qygonn" {Reflect *Contam +Fly rElec rN+
                  | SH+5} for 491 gold pieces
 48253 | D:5      | Killed Duvessa
 48269 | D:5      | Killed Dowan
 48274 | D:5      | Killed dricus's ghost
 48754 | D:5      | Found a shimmering altar of Xom.
 49746 | D:11     | Killed Josephine
 50480 | D:11     | Found a runed translucent gate.
 50480 | D:11     | Found a runed translucent gate.
 50482 | D:11     | Found a runed translucent gate.
 50482 | D:11     | Noticed Ghazghkull's ghost (journeyman MiBe)
 51603 | D:13     | Noticed Rupert
 51631 | D:13     | Killed Rupert
 51840 | D:13     | Found a runed translucent door.
 52983 | D:13     | Noticed Erolcha
 53058 | D:13     | Found a runed translucent door.
 53232 | Snake:1  | Entered Level 1 of the Snake Pit
 53243 | Lair:3   | Learned a level 3 spell: Mephitic Cloud
 56016 | Lair:3   | Reached XP level 15. HP: 72/72 MP: 29/31
 56685 | Snake:1  | Found a snail-covered altar of Cheibriados.
 57008 | Snake:1  | Found Qithaone's Antique Weapon Shop.
 57475 | Snake:2  | Found a runed translucent door.
 57478 | Snake:2  | Found a shimmering altar of Xom.
 57478 | Snake:2  | Noticed Nicuss's ghost (adept DEAM)
 61713 | Snake:2  | Noticed a nagaraja
 61775 | Snake:2  | Acquired 1046 gold pieces
 62177 | Snake:2  | HP: 2/74 [naga warrior/+0 halberd (29)]
 62807 | Snake:3  | Noticed Aizul
 64730 | Snake:3  | Noticed Nikola
 65756 | Snake:3  | Found a hide-covered altar of Uskayaw.
 65777 | Snake:4  | Entered Level 4 of the Snake Pit
 66372 | Snake:4  | Noticed a nagaraja
 67285 | Snake:4  | Noticed a nagaraja
 68914 | Snake:4  | Noticed a nagaraja
 69689 | Snake:4  | Reached XP level 16. HP: 79/79 MP: 17/34
 69780 | Snake:4  | Reached skill level 15 in Dodging
 72946 | Swamp:1  | Entered Level 1 of the Swamp
 75352 | D:14     | Found a gate to the Vaults.
 75767 | D:13     | Noticed Jorgrun
 76160 | D:13     | Killed Erolcha
 76215 | D:13     | Found a runed translucent door.
 76676 | D:14     | HP: 3/80 [meliai/+0 war axe (14)]
 76677 | D:14     | Killed from afar by a meliai
 76678 | D:14     | Reached XP level 15. HP: -10/76 MP: 18/33
 77373 | D:14     | Killed from afar by a fire dragon
 77374 | D:14     | Reached XP level 14. HP: -11/72 MP: 30/32
 77390 | D:14     | Reached skill level 1 in Ice Magic
 77707 | D:14     | Reached skill level 15 in Fighting
 78597 | D:15     | Entered Level 15 of the Dungeon
 78927 | D:15     | Found a frozen archway.
 79075 | IceCv    | Entered an ice cave
 79986 | IceCv    | Identified the ring "Ozeutil" {rC+ Will+ Str+6 Slay+3}
 80189 | D:15     | Identified the +11 halberd of Woar {vorpal, +Rage Will+
                  | Str+2 Dex-5}
 80381 | D:15     | Found a staircase to the Depths.
 80548 | D:15     | Found a stormy altar of Qazlal.
 81572 | D:15     | Reached skill level 5 in Ice Magic
 81630 | D:15     | Identified the +5 long sword of Deph {elec, rN+ Stlth+}
 81801 | Depths:1 | Entered Level 1 of the Depths
 81834 | D:15     | Reached XP level 15. HP: 74/77 MP: 31/33
 82438 | Elf:1    | Entered Level 1 of the Elven Halls
 82776 | Elf:1    | Learned a level 4 spell: Hailstorm
 83901 | Orc:2    | Bought a potion of invisibility for 136 gold pieces
 83901 | Orc:2    | Bought a potion of resistance for 170 gold pieces
 87009 | Swamp:2  | Identified the amulet "Qixzob" {Spirit *Contam rF+ Slay+5}
 87086 | Swamp:2  | Noticed Frances
 87649 | Swamp:2  | Identified the +8 broad axe of Kituteemm {drain, Fragile
                  | rPois rC+ Dex+3}
 87649 | Swamp:2  | Killed from afar by an eleionoma

Illustrated notes

Levels and vault maps discovered:
D:1:      dpeg_arrival_boxorama, layout_loops_ring, minmay_circled_x
D:2:      layout_basic, nicolae_overflow_hidden_temple,
          nicolae_qazlal_style_of_elements
D:3:      layout_loops_ring, fiery_altar_vehumet, lemuel_crystal_altar
D:4:      layout_gridville, wad_rectangle_vault, uniq_natasha, uniq_sigmund
D:5:      layout_loops_corners, fedhas_bush_and_centaur_altar,
          biasface_ghost_orc_armoury, serial_shops, shop, basic_altar,
          uniq_duvessa
D:6:      layout_loops_corners, minitemple, kennysheep_vampire_church
D:7:      layout_gridville, nicolae_ru_path_of_blood, minmay_temple_entry_hall
D:8:      layout_rooms, marbit_many_paths, serial_shops, nicolae_shop_crystal,
          evilmike_ruin_ashenzari, uniq_grum, uniq_psyche
D:9:      layout_long_grid, old_standard_altar
D:10:     layout_loops_corners, minmay_orc_entry_temple_large,
          minmay_beelzebubs_servants
D:11:     layout_irregular_city, erik_lair_dragon,
          ploomutoo_gammafunk_ghost_potion_laboratory, serial_co_window_serial,
          co_window_corner_a, co_window_paths_b, co_window_of_opportunity_a,
          co_window_paths_b, co_window_paths_b, co_window_cross_4,
          co_window_unsneaky_path_c, co_window_broadway_c, co_window_corner_b,
          co_window_2corner, co_window_paths_c, co_window_2corner,
          glass_columns_b, glass_columns_c, glass_columns_b, glass_columns_a,
          glass_columns_a, uniq_josephine
D:12:     layout_roguey, grunt_livestock, minmay_misc_feat_room
D:13:     layout_roguey, minmay_misc_feat_chi, mikee_hates_you, uniq_jorgrun,
          uniq_erolcha, uniq_rupert
D:14:     layout_basic, david_vaults_3, infiniplex_staircase_trident, the_bakery
D:15:     grunt_enter_depths_snipers, layout_layer_cave, basic_altar,
          portal_ice_cave_entry_ice_beasts, hangedman_abyss_or_decor_lesser_grid
Temple:   bh_familiar_temple
Lair:1:   layout_chaotic_city, lemuel_fruit_tree, grunt_megastairs_2
Lair:2:   nzn_winding_woodlands_small [nzn_winding_woodlands_5x15_garden,
          nzn_winding_woodlands_center_triple_pond,
          nzn_winding_woodlands_5x15_river_crossing], layout_regular_city,
          palyth_hydra_swamp_entry, ebering_ghost_disaster_area,
          beast_lair_carwin_4
Lair:3:   layout_cave_pods, minmay_snake_entry_guardpost_medium,
          minmay_lair_oklob_chamber, uniq_urug
Lair:4:   layout_roguey, worms_lemuel
Lair:5:   layout_cave_pods, hangedman_lair_unloving_vines,
          grunt_forest_small_clearings, beast_lair_carwin_8
Lair:6:   gammafunk_lair_ancient_temple, layout_regular_city, slime_dummy,
          serial_forest, infiniplex_forest_lined_corner,
          infiniplex_forest_clump_long, infiniplex_forest_lined_4_way,
          infiniplex_forest_clump_curved, infiniplex_forest_lined_3,
          infiniplex_forest_straight_2, infiniplex_forest_corner_1,
          infiniplex_forest_clump_diagonal, infiniplex_forest_corner_1,
          gammafunk_lair_bear_cave, serial_bayou_shore_b
Swamp:1:  layout_basic_swamp, nicolae_swamp_little_tower, swamp_pool3,
          st_swamp_ruins_4
Swamp:2:  layout_falls_marsh, gammafunk_ghost_grave,
          evilmike_swamp_ruin_rubble_1, uniq_frances
Snake:1:  layout_gridlike, serial_shops, shop, basic_altar
Snake:2:  layout_misc_corridors, ebering_ghost_xom, serial_bayou_shore_b
Snake:3:  layout_onion, basic_altar, uniq_asterion, uniq_nikola, uniq_aizul
Snake:4:  grunt_snake_rune_serpentine_throne, layout_cave_town, drop_trap
Orc:1:    orc_temple, layout_caves
Orc:2:    st_orc_town, layout_caves, mines2_david
Elf:1:    eino_elf_arrival_customs, layout_gridlike, minmay_elf_sorcery,
          minmay_fountain_box
Elf:2:    layout_loops_corners, uniq_donald, uniq_roxanne
Depths:1: layout_forbidden_donut, hellmouth_1, minmay_misc_feat_tiny,
          nemelex_xobeh_ov_fountains_minmay

Skill      XL: |  1  2  3  4  5  6  7  8  9 10 11 12 13 14 15 16 |
---------------+-------------------------------------------------+-----
Dodging        | 3 4 5 6 8 9 11 12 13 14 15 | 15.7
Fighting       | 1 2 3 4 5 7 8 9 10 15 16 | 16.1
Stealth        | 5 6 7 9 10 12 13 14 15 16 | 16.0
Unarmed Combat | 2 3 4 5 7 8 9 10 11 | 11.4
Hexes          | 5 6 8 9 10 | 10.1
Spellcasting   | 3 4 5 6 8 9 10 11 13 | 13.8
Ice Magic      | 5 |  5.5

Action                   |  1- 3 |  4- 6 |  7- 9 | 10-12 | 13-15 | 16-18 || total
-------------------------+-------+-------+-------+-------+-------+-------++-------
Melee: Unarmed           |   106 |   183 |   461 |   822 |  2061 |   204 ||  3837
       Bite              |     7 |    15 |    55 |    97 |   183 |    16 ||   373
       Punch             |     3 |       |     9 |    30 |    97 |     5 ||   144
 Cast: Corona            |    22 |    10 |     3 |    35 |    55 |     8 ||   133
       Ensorcelled Hiber |    37 |    17 |    14 |    12 |    56 |     2 ||   138
       Confusing Touch   |     5 |    25 |    85 |   190 |   458 |    48 ||   811
       Tukima's Dance    |       |     5 |    17 |    19 |   122 |    25 ||   188
       Summon Ice Beast  |       |       |       |    84 |   665 |   120 ||   869
       Hailstorm         |       |       |       |       |     6 |       ||     6
Invok: Curse Item        |       |       |     1 |     2 |     1 |       ||     4
       Shatter the Chain |       |       |       |       |     1 |       ||     1
Evoke: Wand              |       |       |     3 |     3 |       |     3 ||     9
  Use: Potion            |       |       |     5 |     2 |     6 |     1 ||    14
       Scroll            |       |       |     1 |       |     9 |     4 ||    14
 Stab: Sleeping          |    26 |    24 |    13 |    25 |    73 |     3 ||   164
       Confused          |     4 |    17 |    50 |   136 |   250 |    24 ||   481
       Distracted        |       |       |     1 |     2 |    18 |     3 ||    24
Armor: Skin              |     5 |     2 |    10 |    11 |    43 |    15 ||    86
Dodge: Dodged            |    85 |   127 |   409 |   459 |  1555 |   212 ||  2847
Block: Other             |       |       |       |    76 |   363 |    37 ||   476
       Reflection        |       |       |       |       |    43 |     4 ||    47

Table legend: (Time is in decaauts)
 A = Elapsed time spent in this place.
 B = Non-inter-level travel time spent in this place.
 C = Inter-level travel time spent in this place.
 D = Time resting spent in this place.
 E = Time spent auto-exploring this place.
 F = Levels seen in this place.
 G = Mean time per level.
                   A        B        C        D        E       F      G
               +--------+--------+--------+--------+--------+-----+--------+
         Total |  79759 |  62332 |  17427 |  19202 |  25988 |  34 | 2345.9 |
       Dungeon |  35388 |  26484 |   8904 |   8712 |   9947 |  15 | 2359.2 |
        Temple |    150 |    137 |     13 |      0 |    127 |   1 |  150.0 |
          Lair |  17979 |  14346 |   3633 |   4608 |   5874 |   6 | 2996.5 |
         Swamp |   2582 |   2251 |    331 |    405 |   1244 |   2 | 1291.0 |
     Snake Pit |  17199 |  13826 |   3373 |   4985 |   5783 |   4 | 4299.8 |
  Orcish Mines |   4199 |   3434 |    765 |    366 |   1941 |   2 | 2099.5 |
   Elven Halls |   1269 |    863 |    406 |     86 |    467 |   2 |  634.5 |
        Depths |     15 |     15 |      0 |      0 |      0 |   1 |   15.0 |
      Ice Cave |    975 |    975 |      0 |     40 |    604 |   1 |  975.0 |
               +--------+--------+--------+--------+--------+-----+--------+

Top non-repeatable levels by time:
 Snake:1: 6395 daAuts
 Snake:4: 6267 daAuts
  Lair:2: 5384 daAuts
     D:6: 5323 daAuts
    D:11: 4502 daAuts
    D:10: 4279 daAuts
  Lair:5: 3657 daAuts
 Snake:2: 3453 daAuts
  Lair:6: 3362 daAuts
     D:1: 2716 daAuts
    D:14: 2705 daAuts
  Lair:3: 2498 daAuts
 Swamp:1: 2478 daAuts
     D:7: 2247 daAuts
   Orc:1: 2243 daAuts
